 Dungeon Crawl Stone Soup version 0.25-a0-502-g6516661 (webtiles) character file.

Game seed: 17760292949962900764, levelgen mode: deterministic

14 drc500free the Sneak (level 2, -2/13 HPs)
             Began as a Vine Stalker Enchanter on Feb 12, 2020.
             Slain by a goblin
             ... wielding a +0 dagger
              (3 damage)
             ... on level 1 of the Dungeon.
             The game lasted 00:03:10 (528 turns).

drc500free the Sneak (Vine Stalker Enchanter)        Turns: 528, Time: 00:03:11

Health: -2/13      AC:  2    Str: 10    XL:     2   Next: 41%
Magic:  0/6        EV: 12    Int: 15    God:
Gold:   38         SH:  0    Dex: 14    Spells: 2/5 levels left

rFire    . . .     SeeInvis .   a - +1 dagger
rCold    . . .     Gourm    .   (no shield)
rNeg     . . .     Faith    .   b - +0 robe
rPois    .         Spirit   +   (no helmet)
rElec    .         Reflect  .   (no cloak)
rCorr    .         Harm     .   (no gloves)
MR       .....                  (no boots)
Stlth    ++........             (no amulet)
HPRegen  0.04/turn              (no ring)
MPRegen  0.10/turn              (no ring)

@: no status effects
A: fangs 2, magic shield, antimagic bite, no potion heal 3, rot immunity
a: no special abilities


You were on level 1 of the Dungeon.
You were not hungry.

You visited 1 branch of the dungeon, and saw 1 of its levels.

You collected 38 gold pieces.

Inventory:

Hand Weapons
 a - a +1 dagger (weapon)
Armour
 b - a +0 robe (worn)
Scrolls
 c - a scroll of magic mapping {unknown}
 e - a scroll of blinking {unknown}
 g - 2 scrolls of fear {unknown}
 h - a scroll of identify {unknown}
Potions
 f - a potion of flight {unknown}
Comestibles
 d - a ration


   Skills:
 + Level 1.3 Short Blades
 + Level 1.7 Dodging
 + Level 3.6 Stealth
 + Level 2.4 Spellcasting
 + Level 3.1 Hexes


You had 2 spell levels left.
You knew the following spells:

 Your Spells              Type           Power        Failure   Level  Hunger
a - Corona                Hex            ##.....      6%          1    #......
b - Ensorcelled Hibernat  Hex/Ice        #.....       17%         2    ###....

Your spell library contained the following spells:

 Spells                   Type           Power        Failure   Level  Hunger
 Confusing Touch          Hex            ##......     17%         3    ###....
 Tukima's Dance           Hex            ##......     17%         3    ###....
 Dazzling Flash           Conj/Hex       #.....       32%         3    ###....


Dungeon Overview and Level Annotations

Branches:
Dungeon (1/15)

Altars:


Innate Abilities, Weirdness & Mutations

You have extremely sharp teeth.
When hurt, damage is shared between your health and your magic reserves.
Your bite disrupts and absorbs the magic of your enemies.
Potions cannot restore your health.
You are immune to rotting.


Message History

You hit the bat.
You kill the bat!
You barely miss the goblin. Your bite misses the goblin.
The goblin hits you with a +0 dagger.
* * * LOW HITPOINT WARNING * * *
You barely miss the goblin. The goblin closely misses you.
A giant cockroach comes into view.
You hit the goblin.
The goblin is severely wounded.
The goblin barely misses you.
You hit the goblin but do no damage. Your bite misses the goblin.
The goblin is heavily wounded.
You barely miss the goblin.
The goblin is heavily wounded.
The goblin hits you with a +0 dagger.
* * * LOW HITPOINT WARNING * * *
You closely miss the goblin. Your bite misses the goblin.
The goblin is heavily wounded.
The goblin hits you with a +0 dagger.
You die...

.... ...# #..# # ....
##.# #..# . ... ...# #..#
. ...#..# #..# # #..#..#
#..# #
#..#..#####@.#####. #
#..........g....s.# #####
#..........#####.# ....#
#..#####.# ###.# ##.>#
#.# # #.# #...# #.# ###
###.####..## #.# # #.#
##...##...## ###.#####.##
#.#
...........###...........
#.#


You could see a giant cockroach and a goblin.

Vanquished Creatures
  A leopard gecko (D:1)
  A giant cockroach (D:1)
  A goblin (D:1)
  2 hobgoblins (D:1)
  4 kobolds (D:1)
  2 bats (D:1)
  A frilled lizard (D:1)
12 creatures vanquished.

Notes
Turn   | Place    | Note
-------+----------+-------------------------------------------
     0 | D:1      | drc500free the Vine Stalker Enchanter began the quest for
                  | the Orb.
     0 | D:1      | Reached XP level 1. HP: 9/9 MP: 4/4
   115 | D:1      | Reached skill level 1 in Short Blades
   172 | D:1      | Reached XP level 2. HP: 13/13 MP: 6/6
   380 | D:1      | Learned a level 2 spell: Ensorcelled Hibernation
   528 | D:1      | Slain by a goblin

Levels and vault maps discovered:
D:1:      minmay_arrival_hallway, layout_loops_ring, minmay_box_of_dots

Skill      XL: |  1 |
---------------+----+-----
Short Blades   | 1 |  1.3
Dodging        | |  1.7
Stealth        | |  3.6
Spellcasting   | |  2.4
Hexes          | |  3.1

Action                   || total
-------------------------++-------
Melee: Dagger            ||    62
       Bite              ||    16
 Cast: Corona            ||     3
       Ensorcelled Hiber ||     2
 Stab: Sleeping          ||     1
Armor: Robe              ||    21
Dodge: Dodged            ||    58

Table legend:
 A = Non-vault XP
 B = Vault XP
 C = Vault XP percentage of total XP
 D = Non-vault monster count
 E = Vault monster count
 F = Vault count percentage of total count
                 A         B        C        D         E       F
            +---------+---------+-------+---------+---------+-------
      Total |      16 |       4 |  20.0 |       9 |       3 |  25.0
            +---------+---------+-------+---------+---------+-------
        D:1 |      16 |       4 |  20.0 |       9 |       3 |  25.0
            +---------+---------+-------+---------+---------+-------
